| TOP OF THE 1ST |
|
Chattanooga Lookouts batting - Pitching for Jackson Generals : RHP Matt Fox
|
|
Pitching: RHP Matt Fox
|
|
|
Batting: SHB Matt Urbani
|
0-0: Called Strike 0-1: Swinging Strike 0-2: Ball 1-2: Ball 2-2: Ball 3-2: Strikes out swinging
|
|
Batting: RHB Mike Craver
|
0-0: Ball 1-0: Fly out, F8 (Flyball, 8RD, EV 83.1 MPH)
|
|
Batting: LHB Shaun Price
|
0-0: Foul Ball, location: 2F 0-1: Ball 1-1: Ball 2-1: SINGLE (Flyball, 9LS, EV 90.0 MPH)
|
|
Batting: LHB Kuemon Shishido
|
0-0: Ball 1-0: Fly out, F8 (Flyball, 8LD, EV 88.8 MPH)
|
| Top of the 1st over - 0 runs, 1 hit, 0 errors, 1 left on base; Chattanooga 0 - Jackson 0 |
| BOTTOM OF THE 1ST |
|
Jackson Generals batting - Pitching for Chattanooga Lookouts : LHP Ryan Rakoff
|
|
Pitching: LHP Ryan Rakoff
|
|
|
Batting: RHB Mike Conaway
|
0-0: Called Strike 0-1: Bunt for hit to 25 - play at first, batter OUT! 5-3
|
|
Batting: RHB Enrique Valdez
|
0-0: Swinging Strike 0-1: Ball 1-1: SOLO HOME RUN (Flyball, 7D, EV 101.2 MPH), Distance : 399 ft
|
|
Batting: RHB Kinzo Yokoyama
|
0-0: Ball 1-0: Foul Ball, location: 2F 1-1: Ball 2-1: SINGLE (Groundball, 23, EV 70.0 MPH) (infield hit)
|
|
Batting: LHB Chris Jackson
|
0-0: Ball 1-0: Called Strike 1-1: Foul Ball, location: 2F 1-2: Ball 2-2: Foul Ball, location: 2F 2-2: SINGLE (Groundball, 34D, EV 103.8 MPH) Kinzo Yokoyama to second Runner from 2nd tries for 3rd, SAFE, throw by RF made to third
|
|
Batting: RHB Chris Olheiser
|
0-0: Ball Chris Jackson is caught stealing 2nd base 2-4 1-0: Ball 2-0: Fly out, F7 (Flyball, 7, EV 82.5 MPH)
|
| Bottom of the 1st over - 1 run, 3 hits, 0 errors, 1 left on base; Chattanooga 0 - Jackson 1 |
| TOP OF THE 2ND |
|
Chattanooga Lookouts batting - Pitching for Jackson Generals : RHP Matt Fox
|
|
Batting: LHB Marshall Daul
|
0-0: Called Strike 0-1: Ball 1-1: Ground out 4-3 (Groundball, 4, EV 101.2 MPH)
|
|
Batting: RHB Manuel Juarez
|
0-0: Ground out 4-3 (Groundball, 4, EV 76.9 MPH)
|
|
Batting: RHB Juan Espinoza
|
0-0: Called Strike 0-1: Called Strike 0-2: Ball 1-2: Foul Ball, location: 2F 1-2: Strikes out swinging
|
| Top of the 2nd over - 0 runs, 0 hits, 0 errors, 0 left on base; Chattanooga 0 - Jackson 1 |
| BOTTOM OF THE 2ND |
|
Jackson Generals batting - Pitching for Chattanooga Lookouts : LHP Ryan Rakoff
|
|
Batting: LHB Jason Kinney
|
0-0: Called Strike 0-1: Swinging Strike 0-2: Ball 1-2: Ball 2-2: Ball 3-2: Fly out, F8 (Line Drive, 89D, EV 102.5 MPH)
|
|
Batting: RHB Ryan Criollo
|
0-0: Ball 1-0: Fly out, F2 (Popup, 2RF, EV 90.0 MPH)
|
|
Batting: RHB Jeff Cox
|
0-0: Called Strike 0-1: Ball 1-1: Ball 2-1: Swinging Strike 2-2: Ground out 5-3 (Groundball, 56, EV 88.1 MPH)
|
| Bottom of the 2nd over - 0 runs, 0 hits, 0 errors, 0 left on base; Chattanooga 0 - Jackson 1 |
| TOP OF THE 3RD |
|
Chattanooga Lookouts batting - Pitching for Jackson Generals : RHP Matt Fox
|
|
Batting: LHB David Campbell
|
0-0: SINGLE (Groundball, 34D, EV 102.5 MPH)
|
|
Batting: LHB Brian Wagner
|
0-0: Ball 1-0: Ball 2-0: Called Strike 2-1: Ball 3-1: Base on Balls David Campbell to second
|
|
Batting: SHB Matt Urbani
|
0-0: Ball 1-0: Ball 2-0: Called Strike 2-1: Called Strike 2-2: Foul Ball, location: 2F 2-2: Foul Ball, location: 2F 2-2: Ball 3-2: Base on Balls David Campbell to third Brian Wagner to second
|
|
Batting: RHB Mike Craver
|
0-0: Called Strike 0-1: Foul Ball, location: 2F 0-2: Ball 1-2: Foul Ball, location: 2F 1-2: Foul Ball, location: 2F 1-2: Foul Ball, location: 2F 1-2: Foul Ball, location: 2F 1-2: Ball 2-2: Strikes out swinging
|
|
Batting: LHB Shaun Price
|
0-0: Foul Ball, location: 2F 0-1: Ball 1-1: Ball 2-1: Swinging Strike 2-2: Strikes out swinging
|
|
Batting: LHB Kuemon Shishido
|
0-0: GRAND SLAM HOME RUN (Line Drive, 8LXD, EV 115.6 MPH), Distance : 468 ft
|
|
Batting: LHB Marshall Daul
|
0-0: Called Strike 0-1: Ball 1-1: Called Strike 1-2: Ball 2-2: Foul Ball, location: 2F 2-2: Strikes out swinging, 2-3 out at first.
|
| Top of the 3rd over - 4 runs, 2 hits, 0 errors, 0 left on base; Chattanooga 4 - Jackson 1 |
| BOTTOM OF THE 3RD |
|
Jackson Generals batting - Pitching for Chattanooga Lookouts : LHP Ryan Rakoff
|
|
Batting: RHB Jesus Santiago
|
0-0: Called Strike 0-1: Swinging Strike 0-2: Strikes out swinging
|
|
Batting: RHB Mike Conaway
|
0-0: Ground out 4-3 (Groundball, 4, EV 78.8 MPH)
|
|
Batting: RHB Enrique Valdez
|
0-0: Ball 1-0: Foul Ball, location: 2F 1-1: Ground out 6-3 (Groundball, 6, EV 76.2 MPH)
|
| Bottom of the 3rd over - 0 runs, 0 hits, 0 errors, 0 left on base; Chattanooga 4 - Jackson 1 |
| TOP OF THE 4TH |
|
Chattanooga Lookouts batting - Pitching for Jackson Generals : RHP Matt Fox
|
|
Batting: RHB Manuel Juarez
|
0-0: Ball 1-0: Called Strike 1-1: Swinging Strike 1-2: Ball 2-2: Strikes out swinging
|
|
Batting: RHB Juan Espinoza
|
0-0: Foul Ball, location: 2F 0-1: Ball 1-1: Swinging Strike 1-2: Ball 2-2: Ball 3-2: Strikes out swinging
|
|
Batting: LHB David Campbell
|
0-0: Ball 1-0: Foul Ball, location: 2F 1-1: Ball 2-1: Foul Ball, location: 2F 2-2: Foul Ball, location: 2F 2-2: SINGLE (Groundball, 34D, EV 100.0 MPH)
|
|
Batting: LHB Brian Wagner
|
0-0: Ball 1-0: Called Strike 1-1: Ground out 4-3 (Groundball, 34D, EV 81.9 MPH)
|
| Top of the 4th over - 0 runs, 1 hit, 0 errors, 1 left on base; Chattanooga 4 - Jackson 1 |
| BOTTOM OF THE 4TH |
|
Jackson Generals batting - Pitching for Chattanooga Lookouts : LHP Ryan Rakoff
|
|
Batting: RHB Kinzo Yokoyama
|
0-0: Fly out, F3 (Popup, 23F, EV 83.8 MPH)
|
|
Batting: LHB Chris Jackson
|
0-0: Ball 1-0: Foul Ball, location: 2F 1-1: Ball 2-1: Ball 3-1: Base on Balls
|
|
Batting: RHB Chris Olheiser
|
0-0: Ball 1-0: Called Strike Chris Jackson is caught stealing 2nd base 2-4 1-1: Ball 2-1: Foul Ball, location: 2F 2-2: Ground out 6-3 (Groundball, 6, EV 88.8 MPH)
|
| Bottom of the 4th over - 0 runs, 0 hits, 0 errors, 0 left on base; Chattanooga 4 - Jackson 1 |
| TOP OF THE 5TH |
|
Chattanooga Lookouts batting - Pitching for Jackson Generals : RHP Matt Fox
|
|
Batting: SHB Matt Urbani
|
0-0: Called Strike 0-1: Foul Ball, location: 2F 0-2: Ball 1-2: Ball 2-2: Fly out, F8 (Flyball, 78D, EV 93.8 MPH)
|
|
Batting: RHB Mike Craver
|
0-0: Called Strike 0-1: Ground out 4-3 (Groundball, 4, EV 108.1 MPH)
|
|
Batting: LHB Shaun Price
|
0-0: Ball 1-0: Called Strike 1-1: Ball 2-1: Swinging Strike 2-2: Ball 3-2: Fly out, F8 (Flyball, 78M, EV 91.9 MPH)
|
| Top of the 5th over - 0 runs, 0 hits, 0 errors, 0 left on base; Chattanooga 4 - Jackson 1 |
| BOTTOM OF THE 5TH |
|
Jackson Generals batting - Pitching for Chattanooga Lookouts : LHP Ryan Rakoff
|
|
Batting: LHB Jason Kinney
|
0-0: Called Strike 0-1: Ball 1-1: Ball 2-1: Reached on error, E5 (Groundball, 5, EV 100.6 MPH)
|
|
Batting: RHB Ryan Criollo
|
0-0: Foul Ball, location: 2F 0-1: Swinging Strike 0-2: Foul Ball, location: 2F 0-2: Ball 1-2: Strikes out swinging
|
|
Batting: RHB Jeff Cox
|
0-0: Foul Ball, location: 2F 0-1: Foul Ball, location: 2F 0-2: Strikes out swinging
|
|
Batting: RHB Jesus Santiago
|
0-0: Fielders Choice at 2nd, 5-4 (Groundball, 56, EV 84.4 MPH)
|
| Bottom of the 5th over - 0 runs, 0 hits, 1 error, 1 left on base; Chattanooga 4 - Jackson 1 |
| TOP OF THE 6TH |
|
Chattanooga Lookouts batting - Pitching for Jackson Generals : RHP Matt Fox
|
|
Batting: LHB Kuemon Shishido
|
0-0: Ball 1-0: Ground out 5-3 (Groundball, 6, EV 99.4 MPH)
|
|
Batting: LHB Marshall Daul
|
0-0: Called Strike 0-1: Called Strike 0-2: Foul Ball, location: 2F 0-2: Ball 1-2: Ball 2-2: Ball 3-2: Foul Ball, location: 2F 3-2: Foul Ball, location: 2F 3-2: Base on Balls
|
|
Pitching: RHP Chris Julien
|
|
|
Batting: RHB Manuel Juarez
|
0-0: Called Strike Marshall Daul steals 2nd base (no throw) 0-1: Ball 1-1: Ball 2-1: Ball 3-1: Foul Ball, location: 2F 3-2: Ground out 6-3 (Groundball, 6, EV 88.1 MPH) Marshall Daul to third
|
|
Batting: RHB Juan Espinoza
|
0-0: Called Strike 0-1: Ball 1-1: Swinging Strike 1-2: Ball 2-2: Strikes out swinging
|
| Top of the 6th over - 0 runs, 0 hits, 0 errors, 1 left on base; Chattanooga 4 - Jackson 1 |
| BOTTOM OF THE 6TH |
|
Jackson Generals batting - Pitching for Chattanooga Lookouts : LHP Ryan Rakoff
|
|
Batting: RHB Mike Conaway
|
0-0: Foul Ball, location: 2F 0-1: Ground out 5-3 (Groundball, 25, EV 76.9 MPH)
|
|
Batting: RHB Enrique Valdez
|
0-0: Swinging Strike 0-1: Ball 1-1: Called Strike 1-2: Ground out U3 (Groundball, 3, EV 103.1 MPH)
|
|
Batting: RHB Kinzo Yokoyama
|
0-0: Swinging Strike 0-1: Foul Ball, location: 2F 0-2: Ball 1-2: Ball 2-2: Strikes out swinging
|
| Bottom of the 6th over - 0 runs, 0 hits, 0 errors, 0 left on base; Chattanooga 4 - Jackson 1 |
| TOP OF THE 7TH |
|
Chattanooga Lookouts batting - Pitching for Jackson Generals : RHP Chris Julien
|
|
Pitching: RHP Marty Maginnis
|
|
|
Batting: LHB David Campbell
|
0-0: Ball 1-0: Called Strike 1-1: Ball 2-1: Called Strike 2-2: Foul Ball, location: 2F 2-2: Foul Ball, location: 2F 2-2: Ground out 5-3 (Groundball, 56, EV 84.4 MPH)
|
|
Batting: LHB Brian Wagner
|
0-0: Ball 1-0: SINGLE (Groundball, 3D, EV 93.8 MPH)
|
|
Batting: SHB Matt Urbani
|
0-0: Called Strike Brian Wagner steals 2nd base 0-1: Ball 1-1: Swinging Strike 1-2: Ball 2-2: Ball 3-2: Ground out 4-3 (Groundball, 4, EV 79.4 MPH) Brian Wagner to third
|
|
Batting: RHB Mike Craver
|
0-0: Called Strike 0-1: Called Strike 0-2: Ball 1-2: Foul Ball, location: 2F 1-2: Strikes out looking
|
| Top of the 7th over - 0 runs, 1 hit, 0 errors, 1 left on base; Chattanooga 4 - Jackson 1 |
| BOTTOM OF THE 7TH |
|
Jackson Generals batting - Pitching for Chattanooga Lookouts : LHP Ryan Rakoff
|
|
Batting: LHB Chris Jackson
|
0-0: Foul Ball, location: 2F 0-1: Ball 1-1: Ball 2-1: Called Strike 2-2: Ball 3-2: Foul Ball, location: 2F 3-2: Foul Ball, location: 2F 3-2: Foul Ball, location: 2F 3-2: Ground out 5-3 (Groundball, 56S, EV 83.1 MPH)
|
|
Batting: RHB Chris Olheiser
|
0-0: Ball 1-0: Ball 2-0: Called Strike 2-1: Ball 3-1: Called Strike 3-2: Ground out 1-3 (Groundball, 15S, EV 71.9 MPH)
|
|
Batting: LHB Jason Kinney
|
0-0: Ground out 6-3 (Groundball, 4M, EV 96.2 MPH)
|
| Bottom of the 7th over - 0 runs, 0 hits, 0 errors, 0 left on base; Chattanooga 4 - Jackson 1 |
| TOP OF THE 8TH |
|
Chattanooga Lookouts batting - Pitching for Jackson Generals : RHP Marty Maginnis
|
|
Pitching: RHP Jose Rios
|
|
|
Batting: LHB Shaun Price
|
0-0: Called Strike 0-1: Ground out 6-3 (Groundball, 6MD, EV 99.4 MPH)
|
|
Batting: LHB Kuemon Shishido
|
0-0: Ground out 1-3 (Groundball, 34S, EV 69.4 MPH)
|
|
Batting: LHB Marshall Daul
|
0-0: Called Strike 0-1: Ball 1-1: Swinging Strike 1-2: Strikes out looking
|
| Top of the 8th over - 0 runs, 0 hits, 0 errors, 0 left on base; Chattanooga 4 - Jackson 1 |
| BOTTOM OF THE 8TH |
|
Jackson Generals batting - Pitching for Chattanooga Lookouts : LHP Ryan Rakoff
|
|
Batting: RHB Ryan Criollo
|
0-0: Ball 1-0: Ground out 4-3 (Groundball, 4, EV 103.1 MPH)
|
|
Batting: RHB Jeff Cox
|
0-0: Called Strike 0-1: Ball 1-1: Foul Ball, location: 2F 1-2: Ball 2-2: Ball 3-2: Fly out, F5 (Line Drive, 5, EV 69.4 MPH)
|
|
Batting: RHB Jesus Santiago
|
0-0: Ball 1-0: Ground out 3-1 (Groundball, 34S, EV 87.5 MPH)
|
| Bottom of the 8th over - 0 runs, 0 hits, 0 errors, 0 left on base; Chattanooga 4 - Jackson 1 |
| TOP OF THE 9TH |
|
Chattanooga Lookouts batting - Pitching for Jackson Generals : RHP Jose Rios
|
|
Pitching: RHP Ian Gaines
|
|
|
Batting: RHB Manuel Juarez
|
0-0: Called Strike 0-1: Swinging Strike 0-2: Fly out, F9 (Flyball, 89D, EV 99.4 MPH)
|
|
Batting: RHB Juan Espinoza
|
0-0: Swinging Strike 0-1: Swinging Strike 0-2: Ball 1-2: Ball 2-2: Ball 3-2: Foul Ball, location: 2F 3-2: Foul Ball, location: 2F 3-2: Base on Balls
|
|
Batting: LHB David Campbell
|
0-0: Called Strike 0-1: Ball 1-1: Ball 2-1: Ball 3-1: Called Strike Juan Espinoza steals 2nd, throwing error, E2 Juan Espinoza to third 3-2: Strikes out swinging
|
|
Batting: LHB Brian Wagner
|
0-0: Fly out, F2 (Popup, 5SF, EV 76.2 MPH)
|
| Top of the 9th over - 0 runs, 0 hits, 1 error, 1 left on base; Chattanooga 4 - Jackson 1 |
| BOTTOM OF THE 9TH |
|
Jackson Generals batting - Pitching for Chattanooga Lookouts : LHP Ryan Rakoff
|
|
Pitching: RHP Tom Aagaard
|
|
|
Batting: RHB Mike Conaway
|
0-0: Called Strike 0-1: Foul Ball, location: 2F 0-2: Ball 1-2: Strikes out looking
|
|
Batting: RHB Enrique Valdez
|
0-0: Called Strike 0-1: Called Strike 0-2: Foul Ball, location: 2F 0-2: Strikes out looking
|
|
Batting: RHB Kinzo Yokoyama
|
0-0: Swinging Strike 0-1: Ball 1-1: Swinging Strike 1-2: Ball 2-2: Strikes out swinging
|
| Bottom of the 9th over - 0 runs, 0 hits, 0 errors, 0 left on base; Chattanooga 4 - Jackson 1 |
|